 Dungeon Crawl Stone Soup version 0.22-a0-879-g615c57abe7 (webtiles) character file.

119 LordofOblivion the Skirmisher (level 5, 0/45 HPs)
             Began as a Ghoul Gladiator on July 29, 2018.
             Slain by an orc
             ... wielding a +0 flail
              (2 damage)
             ... on level 4 of the Dungeon on July 30, 2018.
             The game lasted 00:15:09 (1952 turns).

LordofOblivion the Skirmisher (Ghoul Gladiator)     Turns: 1952, Time: 00:15:09

Health: 0/45       AC:  9    Str: 19    XL:     5   Next: 3%
Magic:  4/4        EV:  8    Int:  3    God:
Gold:   77         SH:  0    Dex: 10    Spells: 4/4 levels left

rFire    . . .     SeeInvis .   g - +1 short sword (flame)
rCold    + . .     Gourm    .   (no shield)
rNeg     + + +     Faith    .   r - +0 chain mail
rPois    ∞         Spirit   .   c - +0 helmet
rElec    .         Reflect  .   (no cloak)
rCorr    .         Harm     .   (no gloves)
MR       .....                  (no boots)
Stlth    ..........             (no amulet)
HPRegen  0.00/turn              (no ring)
MPRegen  0.09/turn              (no ring)

@: rotting
A: rotting body, claws 1, carnivore, cold resistance 1, negative energy
resistance 3, inhibited regeneration, torment resistance, unbreathing
a: no special abilities


You were on level 4 of the Dungeon.
You were not hungry.

You visited 1 branch of the dungeon, and saw 4 of its levels.

You collected 77 gold pieces.

Inventory:

Hand Weapons
 a - a +0 long sword
 g - a +1 short sword of flaming (weapon)
 q - a +0 hunting sling
Missiles
 d - 3 throwing nets
 j - 48 stones (quivered)
 o - 10 poisoned needles
 p - 36 bolts
Armour
 b - a +0 leather armour
 c - a +0 helmet (worn)
 r - a +0 chain mail (worn)
Jewellery
 l - a cursed -2 ring of slaying {unknown}
Scrolls
 k - a scroll of identify {unknown}
 m - a scroll of remove curse {unknown}
 n - a scroll of fog {unknown}
 s - 2 scrolls of teleportation {unknown}
 t - 2 scrolls of enchant armour {unknown}
Potions
 e - 3 potions of agility {unknown}
 h - 3 potions of curing {unknown}
 i - a potion of might {unknown}
 u - a potion of brilliance {unknown}
Comestibles
 f - 4 rations


   Skills:
 + Level 3.2 Fighting
 * Level 2.2(3.0) Short Blades
 - Level 2.8(3.3) Long Blades
 - Level 1.7 Throwing
 * Level 2.0 Armour
 - Level 2.7 Dodging
 + Level 0.5 Stealth


You had 4 spell levels left.
You didn't know any spells.
Your spell library contained the following spells:

 Spells                   Type           Power        Failure   Level  Hunger
 Confuse                  Hex            #.......     100%        3    ####...
 Tukima's Dance           Hex            #.......     100%        3    ####...
 Ensorcelled Hibernation  Hex/Ice        #.....       100%        2    ###....
 Corona                   Hex            #......      100%        1    ##.....
 Dazzling Spray           Conj/Hex       #.....       100%        3    ####...


Dungeon Overview and Level Annotations

Branches:
Dungeon (4/15)
 Temple: D:4-7

Altars:
The Shining One

Shops:
D:4 [


Innate Abilities, Weirdness & Mutations

Your body is rotting away.
You thrive on raw meat.
You are immune to poison.
You have sharp fingernails.
You are carnivorous and can eat meat at any time.
Your flesh is cold resistant. (rC+)
You are immune to negative energy. (rN+++)
You do not regenerate when monsters are visible.
You are immune to unholy pain and torment.
You can survive without breathing.


Message History

The orc is moderately wounded.
The orc barely misses you. The orc wizard casts a spell at you.
You resist with some effort.
You closely miss the orc.
The orc is moderately wounded.
The orc hits you but does no damage. The orc closely misses you.
The orc wizard hits you with a dagger.
* * * LOW HITPOINT WARNING * * *
Your chain mail prevents you from hitting the orc.
The orc is moderately wounded.
The orc barely misses you.
The orc wizard hits you but does no damage.
The orc hits you with a flail.
* * * LOW HITPOINT WARNING * * *
You hit the orc. You burn the orc.
The orc is heavily wounded.
The orc barely misses you. The orc wizard completely misses you.
The orc hits you with a flail.
You die...

#..........>.
#....######..
#............
#.....>......
#####............
#.......###+###..
#.......#.....# [
#.......#o♣.♣.#
#.......(o@∩..+
#.......#o♣.♣.#
#.......#.....
#.......###+###
##.....)...
#.......#..
#...........
#..........{
#..........


You could see an orc wizard and 2 orcs.

Vanquished Creatures
  Jessica (D:3)
  A worker ant (D:4)
  An adder (D:2)
  An ooze (D:2)
  A worm (D:2)
  3 dart slugs
  An orc (D:4)
  7 bats
  3 giant cockroaches
  6 goblins
  6 hobgoblins
  9 kobolds
  A quokka (D:2)
  A frilled lizard (D:1)
  6 rats
48 creatures vanquished.

Notes
Turn   | Place    | Note
-------+----------+-------------------------------------------
     0 | D:1      | LordofOblivion the Ghoul Gladiator began the quest for the Orb.
     0 | D:1      | Reached XP level 1. HP: 17/17 MP: 0/0
   136 | D:1      | Reached XP level 2. HP: 23/24 MP: 1/1
   161 | D:1      | Reached skill level 1 in Armour
   593 | D:1      | Reached XP level 3. HP: 30/30 MP: 2/2
   616 | D:1      | Found a glowing golden altar of the Shining One.
   947 | D:1      | Upgraded the game from 0.22-a0-877-g5c4e1afb51 to 0.22-a0-879-g615c57abe7
  1350 | D:2      | Reached skill level 1 in Short Blades
  1557 | D:2      | Reached XP level 4. HP: 37/37 MP: 3/3
  1757 | D:3      | Noticed Jessica
  1770 | D:3      | Killed Jessica
  1770 | D:3      | Reached skill level 3 in Fighting
  1835 | D:3      | Noticed an ogre
  1919 | D:4      | Found Fothrastro's Armour Shop.
  1923 | D:4      | Reached XP level 5. HP: 34/45 MP: 4/4
  1951 | D:4      | HP: 2/45 [orc/flail (4)]
  1952 | D:4      | Slain by an orc

Vault maps used:
D:1:      giann_wishing_wells, roderic_roman_lattice, tso_metal_star
D:2:      st_stairs_3
D:3:      old_standard_altar, nicolae_overflow_crystal_walls, first_ration,
          portal_sewer_entry_e, uniq_jessica, uniq_sigmund, uniq_natasha
D:4:      fedhas_altar_fruit_tree, yredelemnul_altar_generic, serial_shops,
          kennysheep_little_box, minmay_close_crescents

Skill      XL: |  1  2  3  4 |
---------------+-------------+-----
Armour         | 1 2 |  2.0
Short Blades   | 1 2 |  2.2
Fighting       | 3 |  3.2
Long Blades    | |  2.8
Throwing       | |  1.7
Dodging        | |  2.7
Stealth        | |  0.5

Action                   |  1- 3 |  4- 6 || total
-------------------------+-------+-------++-------
Melee: Long sword        |     9 |       ||     9
       Short sword       |    90 |    46 ||   136
 Fire: Hunting sling     |     2 |       ||     2
Throw: Stone             |    33 |     7 ||    40
  Eat: Chunk             |     3 |       ||     3
Armor: Leather armour    |    32 |       ||    32
       Chain mail        |     9 |    18 ||    27
Dodge: Dodged            |    67 |    24 ||    91
       Rpst.: Long sword |     5 |       ||     5

Table legend:
 A = Spawn XP
 B = Non-spawn XP
 C = Spawn XP percentage of total XP
 D = Spawn monster count
 E = Non-spawn monster count
 F = Spawn count percentage of total count
 G = Total turns spent on level
                    A         B        C        D         E        F      G
               +---------+---------+-------+---------+---------+-------+---------
         Total |       0 |     171 |   0.0 |       0 |      48 |   0.0 |  1952
               +---------+---------+-------+---------+---------+-------+---------
           D:1 |       0 |      44 |   0.0 |       0 |      27 |   0.0 |  1008
           D:2 |       0 |      51 |   0.0 |       0 |      17 |   0.0 |   749
           D:3 |       0 |      39 |   0.0 |       0 |       2 |   0.0 |    99
           D:4 |       0 |      37 |   0.0 |       0 |       2 |   0.0 |    96
               +---------+---------+-------+---------+---------+-------+---------
